 Dungeon Sprint DCSS version 0.30.1-9-gdf580d7c3d (webtiles) character file.

Game seed: 7072781484257367043

2998 Heoruswealwe the Impaler (level 9, 0/94 HPs)
             Began as a Minotaur Fighter on Oct 25, 2023.
             Was an Initiate of Gozag.
             Slain by a red ugly thing (17 damage)
             ... in the Dungeon (Sprint IX: "|||||||||||||||||||||||||||||").
             The game lasted 00:04:36 (438 turns).

Heoruswealwe the Impaler (Minotaur Fighter)          Turns: 438, Time: 00:04:37

Health: 0/94       AC: 24    Str: 26    XL:     9   Next: 54%
Magic:  8/8        EV:  9    Int:  5    God:    Gozag
Gold:   720        SH:  0    Dex:  9    Spells: 8/8 levels left

rFire   . . .        b - +2 halberd (protect)
rCold   . . .        (shield currently unavailable)
rNeg    . . .        c - +1 chain mail
rPois   .            (helmet restricted)
rElec   .            h - +0 cloak
rCorr   .            (no gloves)
SInv    .            (no boots)
Will    .....        (no amulet) Stlth
                     k - +2 ring of protection
HPRegen 0.35/turn    (no ring)
MPRegen 0.11/turn

%: no teleportation
@: under a protective aura
A: horns 2, retaliatory headbutt
a: Renounce Religion, Potion Petition, Call Merchant, Bribe Branch


You were in the Dungeon.
You worshipped Gozag.
Gozag was pleased with you.
You visited 1 branch You collected 720 gold pieces.

Inventory:

Hand Weapons
 a - a +0 trident
 b - a +2 halberd of protection (weapon)
Armour
 c - a +1 chain mail (worn)
 d - a +0 buckler
 h - a +0 cloak (worn)
Jewellery
 k - a +2 ring of protection (left hand)
Wands
 m - a wand of acid (10)
Scrolls
 j - 2 scrolls of blinking
Potions
 e - 2 potions of curing
 g - a potion of haste
 i - a potion of berserk rage
 l - a potion of might


   Skills:
 + Level 13.7 Fighting
 * Level 18.4 Polearms
 + Level 13.7 Armour
 - Level 3.6 Shields


You had 8 spell levels left.
You didn't know any spells.
Your spell library was empty.

Dungeon Overview and Level Annotations

Branches:
Dungeon (1/1)

Altars:
Cheibriados
Dithmenos
Elyvilon
Fedhas
Gozag
Hepliaklqana
Kikubaaqudgha
Makhleb
Nemelex Xobeh
Okawaru
Qazlal
Ru
Sif Muna
Trog
Uskayaw
Vehumet
Wu Jian
Xom
Yredelemnul
Zin
The Shining One
Jiyva
Lugonu


Innate Abilities, Weirdness & Mutations

You have a pair of horns on your head.
You reflexively headbutt those who attack you in melee.


Message History

You hit the red ugly thing but do no damage.
The red ugly thing is lightly wounded.
The boulder beetle leaps!
You completely miss the red ugly thing. You headbutt the red ugly thing.
The red ugly thing is moderately wounded.
The red ugly thing tentacle-slaps you.
You are engulfed in flames!!
You closely miss the red ugly thing.
The red ugly thing is moderately wounded.
The red ugly thing tentacle-slaps you.
You are engulfed in flames!!
* * * LOW HITPOINT WARNING * * *
You feel better.
The skeletal warrior is no longer distracted by gold.
The boulder beetle curls into a ball and begins rolling!
The red ugly thing tentacle-slaps you but does no damage.
You hit the red ugly thing.
The red ugly thing is moderately wounded.
You slash the red ugly thing!
Your headbutt misses the red ugly thing.
The red ugly thing is heavily wounded.
The vampire mosquito is distracted by your dazzling golden aura.
The red ugly thing tentacle-slaps you but does no damage.
The boulder beetle stops rolling and uncurls.
The vampire mosquito buzzes angrily.
You puncture the red ugly thing!
The red ugly thing is severely wounded.
The red ugly thing tentacle-slaps you but does no damage.
You closely miss the red ugly thing.
The red ugly thing is severely wounded.
The vampire mosquito is no longer distracted by gold.
The red ugly thing tentacle-slaps you but does no damage.
You closely miss the red ugly thing.
The red ugly thing is severely wounded.
You hit the red ugly thing.
You headbutt the red ugly thing, but do no damage.
The red ugly thing is severely wounded.
The red ugly thing tentacle-slaps you.
* * * LOW HITPOINT WARNING * * *
You are engulfed in flames!
You die...
Your body crumbles into a pile of gold.

$
▓.▓
▓.▓
$ $
▓)▓
$
▓.▓
$
▓.▓
$
▓.▓
$ $
▓.▓
$
▓.▓
$
▓@▓
▓u▓
▓y▓
▓z▓
▓B▓
▓.▓
▓.▓
▓.▓


You could see a boulder beetle, a red ugly thing, a skeletal warrior and a
vampire mosquito.

Vanquished Creatures
  3 two-headed ogres (D)
  An ugly thing (D)
  A troll (D)
  A vampire (D)
  A yak (D)
  An orc warrior (D)
  A black bear (D)
  A phantom (D)
  2 scorpions (D)
  A howler monkey (D)
  A goblin (D)
  A hobgoblin (D)
  A quokka (D)
  2 rats (D)
18 creatures vanquished.

Notes
Turn   | Place    | Note
-------+----------+-------------------------------------------
     0 | D        | Heoruswealwe the Minotaur Fighter began the quest for the
                  | Orb.
     0 | D        | Reached XP level 1. HP: 19/19 MP: 0/0
    13 | D        | Reached skill level 3 in Polearms
    28 | D        | Noticed a scorpion
    28 | D        | Noticed a howler monkey
    28 | D        | Noticed a phantom
    28 | D        | Noticed a black bear
    28 | D        | Noticed a scorpion
    35 | D        | Killed a scorpion
    36 | D        | Reached skill level 5 in Fighting
    36 | D        | Reached skill level 7 in Polearms
    36 | D        | Reached skill level 5 in Armour
    36 | D        | Reached XP level 2. HP: 27/30 MP: 1/1
    36 | D        | Reached XP level 3. HP: 33/37 MP: 2/2
    40 | D        | Reached XP level 4. HP: 42/45 MP: 3/3
    45 | D        | Killed a phantom
    46 | D        | Reached skill level 9 in Polearms
    46 | D        | Reached XP level 5. HP: 44/52 MP: 4/4
    55 | D        | Killed a black bear
    56 | D        | Reached skill level 10 in Polearms
    58 | D        | Reached skill level 11 in Polearms
    58 | D        | Reached XP level 6. HP: 39/62 MP: 5/5
    64 | D        | Found a snail-covered altar of Cheibriados.
    64 | D        | Found a shadowy altar of Dithmenos.
    64 | D        | Found a white marble altar of Elyvilon.
    64 | D        | Found a blossoming altar of Fedhas.
    64 | D        | Found an opulent altar of Gozag.
    65 | D        | Found a hazy altar of Hepliaklqana.
    66 | D        | Found a viscous altar of Jiyva.
    67 | D        | Found an ancient bone altar of Kikubaaqudgha.
    68 | D        | Found a corrupted altar of Lugonu.
    69 | D        | Found a burning altar of Makhleb.
    70 | D        | Found a sparkling altar of Nemelex Xobeh.
    71 | D        | Found an iron altar of Okawaru.
    72 | D        | Became a worshipper of Gozag Ym Sagoz the Greedy
    73 | D        | Found a stormy altar of Qazlal.
    74 | D        | Found a sacrificial altar of Ru.
    75 | D        | Found a shimmering blue altar of Sif Muna.
    76 | D        | Found a bloodstained altar of Trog.
    77 | D        | Found a hide-covered altar of Uskayaw.
    78 | D        | Found a radiant altar of Vehumet.
    79 | D        | Found an ornate altar of the Wu Jian Council.
    80 | D        | Found a shimmering altar of Xom.
    81 | D        | Found a basalt altar of Yredelemnul.
    82 | D        | Found a glowing silver altar of Zin.
    83 | D        | Found a glowing golden altar of the Shining One.
   152 | D        | Noticed a two-headed ogre
   152 | D        | Noticed a troll
   152 | D        | Noticed a yak
   152 | D        | Noticed a two-headed ogre
   152 | D        | Noticed an orc warrior
   152 | D        | Noticed a vampire
   159 | D        | Killed a two-headed ogre
   160 | D        | Reached skill level 10 in Fighting
   160 | D        | Reached skill level 14 in Polearms
   160 | D        | Reached skill level 10 in Armour
   160 | D        | Reached XP level 7. HP: 23/73 MP: 6/6
   163 | D        | Killed a troll
   164 | D        | Reached XP level 8. HP: 47/82 MP: 7/7
   168 | D        | Reached skill level 15 in Polearms
   173 | D        | Killed a two-headed ogre
   174 | D        | Reached skill level 16 in Polearms
   196 | D        | HP: 3/85 [something (7)]
   199 | D        | Reached skill level 17 in Polearms
   199 | D        | Reached XP level 9. HP: 16/92 MP: 8/8
   415 | D        | Noticed a purple ugly thing
   415 | D        | Noticed a two-headed ogre
   415 | D        | Noticed a red ugly thing
   415 | D        | Noticed a skeletal warrior
   415 | D        | Noticed a boulder beetle
   421 | D        | Killed a purple ugly thing
   425 | D        | Killed a two-headed ogre
   426 | D        | Reached skill level 18 in Polearms
   438 | D        | Slain by a red ugly thing

Illustrated notes

Levels and vault maps discovered:
D:        linesprint [early_d, line_temple, items_1, d_10, items_2, lair_1,
          lair_end, items_3, orc_1, orc_end, items_4, d_15, swamp_1, shoals_1,
          snake_1, spider_1, d_20, vaults_1, items_5, swamp_end, shoals_end,
          snake_end, spider_end, vaults_end, d_27, items_6, zot_1, zot_end,
          crypt_end, forest_end, elf_end, slime_end, tomb_end, abyss_end,
          pan_hell_end]

Skill      XL: |  1  2  3  4  5  6  7  8  9 |
---------------+----------------------------+-----
Polearms       | 7 9 11 14 17 18 | 18.4
Fighting       | 5 6 7 8 10 11 12 13 | 13.7
Armour         | 5 6 7 8 10 11 12 13 | 13.7
Shields        | |  3.6

Action                     |  1- 3 |  4- 6 |  7- 9 || total
---------------------------+-------+-------+-------++-------
  Melee: Trident           |    26 |    18 |       ||    44
         Headbutt          |     2 |     4 |    14 ||    20
         Halberd           |       |     7 |    51 ||    58
    Use: Potion            |     1 |       |     5 ||     6
 Armour: Scale mail        |    10 |     6 |       ||    16
         Chain mail        |       |     1 |    26 ||    27
  Dodge: Dodged            |     8 |    10 |     5 ||    23
  Block: Buckler           |     1 |     3 |       ||     4
